AoeStats
← danicick

Arena

510100408Analyzed
1v1 RM · 3d ago on Sep 29, 2026· 34m 29s· 2 players
Game mode
Random Map
Map size
Tiny (2 player)
Population
200
Speed
Normal
Resources
Standard
Victory
Conquest
Starting age
Dark Age
Ending age
Imperial Age
RankedLock teamsTeams togetherTeam positionsShared explorationLock speedFull tech treeHidden civsTurbo modeCheats
Victory
Defeat
🇹🇼 Aztecs · Taiwan
896
+18
🇩🇪 Goths · Germany
934
-18
danicick
10:45 Feudal Age
9:01 Loom
11:25 Double-Bit Axe
12:18 Wheelbarrow
17:28 Castle Age
15:44 Horse Collar
16:22 Stone Mining
16:38 Man-at-Arms
18:13 Fletching
18:49 Gold Mining
20:33 Bow Saw
21:51 Sanctity
27:17 Imperial Age
26:15 Gold Shaft Mining
27:10 Forging
27:00 Scale Mail Armor
27:05 Squires
28:28 Illumination
27:26 Long Swordsman
27:52 Gambesons
28:45 Iron Casting
28:06 Bodkin Arrow
29:45 Hand Cart
30:10 Block Printing
30:59 Conscription
31:33 Redemption
31:34 Fervor
32:42 Arson
33:12 Two-Handed Swordsman
Linkshändler
9:57 Feudal Age
15:30 Castle Age
13:42 Double-Bit Axe
15:36 Scale Mail Armor
16:37 Bow Saw
17:57 Horse Collar
20:28 Gold Mining
23:55 Wheelbarrow
23:09 Loom
24:41 Heavy Plow
25:00 Forging
26:16 Hand Cart
26:58 Anarchy
27:03 Squires
27:22 Chain Mail Armor
32:24 Imperial Age
34:34 Iron Casting
34:25 Conscription
Connection lost

Rejoining the realm…

Still unreachable

The connection could not be restored.

Session expired

The server has moved on; the page needs a fresh start.